AoeStats
← Chiripa605

Arena

508725777Analyzed
4v4 RM · 8d ago on Sep 23, 2026· 51m 56s· 8 players
Game mode
Random Map
Map size
Large (8 player)
Population
200
Speed
Normal
Resources
Standard
Victory
Conquest
Starting age
Dark Age
Ending age
Imperial Age
RankedLock teamsTeams togetherTeam positionsShared explorationLock speedFull tech treeHidden civsTurbo modeCheats
Victory
Defeat
🇦🇷 Portuguese · Argentina
1531
+13
🇩🇪 Mongols · Germany
1509
+14
🇩🇪 Romans · Germany
1484
+15
🇭🇰 Bohemians · Hong Kong SAR China
1402
+18
1490
-16
🇫🇷 Magyars · France
1470
-15
🇻🇳 Franks · Vietnam
1458
-15
🇺🇸 Bulgarians · United States
1443
-14
Chiripa605
10:33 Feudal Age
12:08 Double-Bit Axe
14:32 Castle Age
14:32 Loom
15:30 Bow Saw
17:07 Horse Collar
17:55 Town Watch
20:20 Wheelbarrow
21:20 Gold Mining
22:13 Scale Mail Armor
22:01 Gambesons
23:09 Squires
23:14 Arson
25:12 Chain Mail Armor
26:05 Forging
25:42 Pikeman
30:30 Imperial Age
30:03 Hand Cart
31:17 Heavy Plow
30:53 Halberdier
32:25 Plate Mail Armor
33:04 Iron Casting
35:05 Blast Furnace
35:14 Conscription
39:18 Bagains
43:19 Capped Ram
44:23 Siege Ram
45:03 Fletching
45:39 Masonry
GAX | This Game Isnt Fun
10:40 Feudal Age
11:44 Double-Bit Axe
11:42 Horse Collar
14:28 Castle Age
20:05 Wheelbarrow
19:19 Loom
21:28 Bow Saw
23:06 Stone Mining
23:08 Gold Mining
27:03 Hand Cart
26:33 Town Watch
29:40 Imperial Age
27:20 Fletching
27:36 Scale Barding Armor
27:45 Masonry
28:43 Chain Barding Armor
28:21 Bodkin Arrow
28:37 Forging
28:38 Husbandry
28:48 Bloodlines
28:54 Heavy Plow
29:26 Heavy Camel Rider
29:28 Light Cavalry
30:58 Plate Barding Armor
30:47 Ballistics
31:30 Conscription
31:15 Hussar
31:18 Elite War Elephant
32:46 Heavy Scorpion
34:15 Ballistics
34:32 Architecture
36:17 Gold Shaft Mining
37:37 Chemistry
37:16 Iron Casting
36:41 Padded Archer Armor
41:47 Hoardings
45:00 Kamandaran
45:52 Padded Archer Armor
45:57 Crossbowman
46:43 Thumb Ring
47:55 Leather Archer Armor
48:41 Blast Furnace
Daniel Chassagnez
10:25 Feudal Age
11:24 Loom
14:18 Castle Age
12:23 Double-Bit Axe
12:42 Horse Collar
14:09 Loom
15:31 Bow Saw
17:41 Wheelbarrow
21:25 Town Watch
22:18 Hand Cart
22:56 Heavy Plow
28:04 Imperial Age
25:36 Fletching
25:46 Padded Archer Armor
26:00 Bodkin Arrow
25:58 Gold Mining
26:00 Stone Mining
27:08 Leather Archer Armor
28:19 Gold Shaft Mining
27:53 Thumb Ring
28:03 Bloodlines
27:53 Husbandry
29:04 Bracer
29:26 Ballistics
29:49 Scale Barding Armor
30:19 Ring Archer Armor
30:45 Recurve Bow
32:05 Two-Man Saw
31:25 Heavy Cavalry Archer
33:42 Conscription
34:17 Parthian Tactics
35:16 Chemistry
34:30 Masonry
36:43 Light Cavalry
36:47 Elite Magyar Huszar
37:31 Corvinian Army
38:34 Siege Engineers
39:42 Chain Barding Armor
40:11 Hoardings
40:54 Plate Barding Armor
45:37 Elite Skirmisher
47:22 Treadmill Crane
47:39 Murder Holes
thanh7531
10:19 Feudal Age
14:48 Castle Age
13:36 Double-Bit Axe
14:34 Man-at-Arms
18:08 Loom
23:21 Wheelbarrow
28:46 Hand Cart
28:17 Town Watch
32:51 Imperial Age
33:50 Forging
33:46 Scale Barding Armor
33:12 Elite Throwing Axeman
34:16 Cavalier
36:25 Husbandry
40:18 Iron Casting
40:55 Light Cavalry
43:02 Blast Furnace
43:25 Caravan
44:46 Paladin
46:41 Chain Barding Armor
50:29 Padded Archer Armor
FlixOfEmpires
9:54 Feudal Age
13:34 Castle Age
11:30 Double-Bit Axe
11:41 Horse Collar
14:30 Bow Saw
14:55 Loom
21:21 Wheelbarrow
20:35 Town Watch
20:57 Stone Mining
23:06 Gold Mining
27:54 Imperial Age
25:32 Fletching
26:32 Bodkin Arrow
26:37 Padded Archer Armor
28:43 Bloodlines
28:34 Husbandry
29:41 Chemistry
29:57 Thumb Ring
30:51 Conscription
31:25 Hand Cart
30:50 Elite Mangudai
33:25 Ballistics
34:23 Bracer
36:48 Parthian Tactics
38:31 Leather Archer Armor
42:16 Scale Barding Armor
42:21 Forging
47:55 Nomads
47:38 Light Cavalry
51:01 Caravan
Nachhaltigkeitsmanagement
10:00 Feudal Age
11:45 Loom
14:11 Castle Age
12:18 Double-Bit Axe
12:14 Horse Collar
15:14 Bow Saw
18:35 Town Watch
18:52 Loom
19:49 Wheelbarrow
21:15 Heavy Plow
22:00 Hand Cart
26:34 Imperial Age
24:28 Scale Mail Armor
24:45 Forging
25:08 Pikeman
25:49 Squires
26:05 Chain Mail Armor
25:45 Fletching
26:11 Chain Mail Armor
27:58 Iron Casting
27:18 Bodkin Arrow
29:32 Blast Furnace
28:01 Halberdier
32:31 Conscription
32:50 Heavy Scorpion
33:41 Ballistas
34:47 Comitatenses
36:57 Chemistry
36:18 Ballistics
36:41 Siege Engineers
36:46 Masonry
48:43 Scale Barding Armor
48:39 Padded Archer Armor
49:11 Architecture
48:37 Murder Holes
48:53 Fortified Wall
48:36 Guard Tower
48:57 Careening
48:58 Clinker Construction
49:09 Shipwright
48:20 Man-at-Arms
49:07 Town Patrol
49:15 Caravan
49:46 Coinage
49:26 Guilds
49:51 Long Swordsman
50:57 Legionary
TKB_
10:43 Feudal Age
14:43 Castle Age
12:32 Double-Bit Axe
13:41 Loom
17:44 Fletching
21:59 Bodkin Arrow
29:51 Town Watch
30:41 Wheelbarrow
36:00 Gold Mining
40:38 Imperial Age
41:32 Bracer
42:43 Onager
47:15 Scale Mail Armor
47:30 Pikeman
47:55 Gambesons
49:32 Chain Mail Armor
49:28 Forging
52:02 Plate Mail Armor
52:32 Hand Cart
LiBi
9:57 Feudal Age
13:41 Castle Age
12:26 Double-Bit Axe
12:24 Horse Collar
14:43 Bow Saw
20:17 Fervor
22:25 Heavy Plow
22:16 Loom
23:13 Wheelbarrow
24:13 Hand Cart
28:06 Imperial Age
26:38 Scale Mail Armor
26:49 Forging
27:42 Chemistry
27:02 Ballistics
26:31 Pikeman
27:12 Squires
26:57 Arson
28:06 Chain Mail Armor
28:27 Iron Casting
29:29 Plate Mail Armor
29:39 Conscription
30:37 Two-Man Saw
29:41 Houfnice
30:07 Halberdier
32:20 Blast Furnace
33:03 Fletching
33:20 Siege Engineers
33:25 Masonry
33:43 Wagenburg Tactics
33:43 Elite Hussite Wagon
35:07 Padded Archer Armor
34:58 Elite Skirmisher
36:51 Bodkin Arrow
37:11 Leather Archer Armor
37:30 Bracer
38:03 Architecture
39:43 Ring Archer Armor
50:05 Guard Tower
52:32 Caravan
53:02 Coinage
52:43 Guilds
Connection lost

Rejoining the realm…

Still unreachable

The connection could not be restored.

Session expired

The server has moved on; the page needs a fresh start.